 Dungeon Crawl Stone Soup version 0.30.0-10-gfe55d96785 (webtiles) character file.

Game seed: 10090500252402427320

163 GigaChad the Poker (level 6, -1/53 HPs)
             Began as a Meteoran Monk on May 15, 2023.
             Was an Initiate of Yredelemnul.
             Slain by a mummy (6 damage)
             ... in an ossuary.
             The game lasted 00:03:53 (2009 turns).

GigaChad the Poker (Meteoran Monk)                  Turns: 2009, Time: 00:03:53

Health: -1/53      AC:  4    Str: 16    XL:     6   Next: 3%
Magic:  7/7        EV: 14    Int: 11    God:    Yredelemnul [......]
Gold:   141        SH:  0    Dex: 16    Spells: 5/5 levels left

rFire   . . .        a - +0 spear
rCold   . . .        d - orb {light}
rNeg    . . .        b - +0 robe
rPois   .            o - +2 hat
rElec   .            (no cloak)
rCorr   .            (no gloves)
SInv    .            (no boots)
Will    .....        (no amulet)
Stlth   +            (no ring)
HPRegen 0.28/turn    (no ring)
MPRegen 0.10/turn

%: no passive effects
@: marked, glowing
A: sense surroundings 1, otherworldly, glowing, explore regen
a: Renounce Religion, Recall Undead Harvest


You were in an ossuary.
You worshipped Yredelemnul.
Yredelemnul was noncommittal.
You visited 1 branch of the dungeon, and saw 4 of its levels.
You also visited: Ossuary.

You collected 141 gold pieces.

Inventory:

Hand Weapons
 a - a +0 spear (weapon)
Armour
 b - a +0 robe (worn)
 d - an orb of light (worn)
 j - a +0 hat
 o - a +2 hat (worn)
Scrolls
 g - 2 scrolls of acquirement {unknown}
 h - a scroll of fog
 k - 3 scrolls of teleportation {unknown}
 m - 3 scrolls of identify
 n - a scroll of brand weapon {unknown}
 r - a scroll of silence {unknown}
Potions
 c - a potion of ambrosia
 e - 2 potions of brilliance {unknown}
 f - a potion of might {unknown}
 i - 2 potions of haste {unknown}
 l - a potion of flight {unknown}
 p - a potion of curing {unknown}
 q - a potion of invisibility {unknown}
 s - a potion of mutation {unknown}


   Skills:
 + Level 4.4 Fighting
 + Level 5.6 Polearms
 + Level 4.5 Dodging
 + Level 0.3 Stealth


You had 5 spell levels left.
You didn't know any spells.
Your spell library contained the following spells:

 Spells                   Type           Power      Damage    Failure   Level
 Ensorcelled Hibernation  Hex/Ice        0%         N/A       47%         2
 Spider Form              Tmut/Pois      0%         N/A       71%         3
 Anguish                  Hex/Necr       0%         N/A       98%         4


Dungeon Overview and Level Annotations

Branches:
Dungeon (4/15) Zot: 443   Ossuary (1/1) Zot: 563
 Temple: D:4-7

Altars:
Nemelex Xobeh
Yredelemnul


Innate Abilities, Weirdness & Mutations

You passively map a small area around you.
You are easily found by Zot.
You glow in the dark.
You regain HP and MP as you explore.


Message History

Unknown command.
You hit the mummy.
The mummy is lightly damaged.
The mummy completely misses you.
You hit the mummy but do no damage.
The mummy is lightly damaged.
The kobold zombie closely misses you.
Unknown command.
You hit the mummy but do no damage.
The mummy is lightly damaged.
The kobold zombie hits you but does no damage.
The mummy hits you!
* * * LOW HITPOINT WARNING * * *
Unknown command.
Unknown command.
You hit the mummy but do no damage.
The mummy is lightly damaged.
Unknown command.
You hit the mummy.
The mummy is heavily damaged.
The kobold zombie hits you but does no damage.
A mummy comes into view.
The mummy closely misses you.
You hit the mummy.
The mummy is heavily damaged.
The kobold zombie closely misses you.
Unknown command.
You hit the mummy.
The mummy is severely damaged.
The kobold zombie hits you but does no damage.
The mummy barely misses you.
Unknown command.
Unknown command.
You barely miss the mummy.
The mummy is severely damaged.
You hit the mummy.
The mummy is almost destroyed.
The kobold zombie closely misses you. The mummy hits you.
You die...
Your body rises from the dead as a mindless zombie.

, #.# ###+###
#.#* * ##.....##
##.+,
##......M###..#
#.........#...+
+....⌠....'...# ,
#.........#M..+
##.......###MM###
##.....## ##@Z.#
* ###'### #.###
#.# *#.# ##.##
... , #.∩.# !!!*
#.∩.# ##### #####


You could see 4 mummies and a kobold zombie.

Vanquished Creatures
  2 mummies (Ossuary)
  2 adders (D:3)
  2 worms (D:3)
  6 orcs
  4 bats
  2 endoplasms (D:4)
  3 giant cockroaches
  4 goblins
  7 hobgoblins
  3 quokkas
  2 ball pythons (D:2)
  2 frilled lizards (D:1)
  4 kobolds
  4 rats
47 creatures vanquished.

Vanquished Creatures (collateral kills)
  A jelly (D:3)
  An iguana (D:4)
  An orc (D:4)
  A quokka (D:4)
4 creatures vanquished.

Vanquished Creatures (others)
  An adder zombie (D:3)
1 creature vanquished.

Grand Total: 52 creatures vanquished

Notes
Turn   | Place    | Note
-------+----------+-------------------------------------------
     0 | D:1      | GigaChad the Meteoran Monk began the quest for the Orb.
     0 | D:1      | Reached XP level 1. HP: 19/19 MP: 2/2
   172 | D:1      | Reached XP level 2. HP: 24/26 MP: 3/3
   268 | D:1      | You fall into a shaft and drop 1 floor!
   892 | D:2      | Reached skill level 4 in Polearms
   892 | D:2      | Reached XP level 3. HP: 32/33 MP: 4/4
   976 | D:2      | Found a sparkling altar of Nemelex Xobeh.
  1096 | D:2      | Glimpsed the power of Zot.
  1214 | D:3      | Found a basalt altar of Yredelemnul.
  1237 | D:3      | Became a worshipper of Yredelemnul the Dark
  1237 | D:3      | Reached * piety under Yredelemnul
  1237 | D:3      | Reached ** piety under Yredelemnul
  1285 | D:3      | Reached XP level 4. HP: 39/40 MP: 5/5
  1473 | D:3      | Reached XP level 5. HP: 24/46 MP: 6/6
  1572 | D:3      | HP: 1/46 [worm (3)]
  1606 | D:3      | Reached skill level 5 in Polearms
  1954 | D:4      | Found a sand-covered staircase.
  1970 | Ossuary  | Entered an ossuary
  2000 | Ossuary  | Reached XP level 6. HP: 15/53 MP: 7/7
  2009 | Ossuary  | Slain by a mummy

Illustrated notes

Levels and vault maps discovered:
D:1:      nzn_arrival_settlement, layout_loops_corners, serial_bayou_ford_a,
          nicolae_kite_square_tiling_tiny
D:2:      layout_basic, basic_altar, uniq_crazy_yiuf_cottage
D:3:      layout_basic, mainiacjoe_overflow_brackets, minmay_hedge_maze
D:4:      layout_basic, temple_hall, chequers_ossuary_entry_cave
Ossuary:  ossuary_crypta

Skill      XL: |  1  2  3  4  5 |
---------------+----------------+-----
Polearms       | 4 5 |  5.6
Dodging        | 4 |  4.5
Fighting       | 4 |  4.4
Stealth        | |  0.3

Action                     |  1- 3 |  4- 6 || total
---------------------------+-------+-------++-------
  Melee: Spear             |    85 |   108 ||   193
    Use: Scroll            |     1 |       ||     1
 Armour: Robe              |    13 |    22 ||    35
  Dodge: Dodged            |    29 |    46 ||    75
